 Dungeon Crawl Stone Soup version 0.20.0 (webtiles) character file.

1876 Eucla the Carver (level 9, -3/50 HPs)
             Began as an Octopode Fighter on June 2, 2017.
             Was a Believer of Hepliaklqana.
             Slain by a wraith (8 damage)
             ... on level 7 of the Dungeon.
             The game lasted 00:07:24 (4930 turns).

Eucla the Carver (Octopode Fighter)                 Turns: 4930, Time: 00:07:24

Health: -3/50      AC:  1    Str: 24    XL:     9   Next: 14%
Magic:  9/9        EV: 11    Int: 11    God:    Hepliaklqana [**....]
Gold:   168        SH: 10    Dex: 12    Spells: 8/8 levels left

rFire    + . .     SeeInvis .   f - +3 long sword of Fomexo {freeze, rPois rF+ Str+4 Dex-2}
rCold    . . .     Gourm    .   b - +1 shield
rNeg     . . .     Faith    .   (helmet restricted)
rPois    +         Spirit   .   (no amulet)
rElec    .         Reflect  .   (no ring)
rCorr    .         Harm     .   (no ring)
MR       .....                  (no ring)
Stlth    ++........             (no ring)
Regen    0.2/turn               (no ring)
MPRegen  0.2/turn               (no ring)
                                (no ring)
                                (no ring)

@: mighty, slowed, very slow
A: almost no armour, stealthy swim, amphibious, 8 rings, constrict 8, reduced
essence, camouflage 1, gelatinous body 1
a: Recall Ancestor, Ancestor Identity, Renounce Religion


You were on level 7 of the Dungeon.
You worshipped Hepliaklqana.
Hepliaklqana was pleased with you.
You were not hungry.

You visited 1 branch of the dungeon, and saw 7 of its levels.

You collected 406 gold pieces.
You spent 238 gold pieces at shops.

Inventory:

Hand Weapons
 a - a +1 long sword
 f - the +3 long sword of Fomexo (weapon) {freeze, rPois rF+ Str+4 Dex-2}
   (You bought it in a shop on level 4 of the Dungeon)

   It has been specially enchanted to freeze those struck by it, causing extra
   injury to most foes and up to half again as much damage against particularly
   susceptible opponents.
   It can also slow down cold-blooded creatures.
   It affects your strength (+4).
   It affects your dexterity (-2).
   It protects you from fire.
   It protects you from poison.
 r - a +0 blowgun
 x - the +3 spear of the Lamprey {pierce, rElec}
   (You found it on level 4 of the Dungeon)

   It inflicts extra damage upon your enemies.
   It insulates you from electricity.
 z - a +2 falchion
Missiles
 s - 19 poisoned needles
Armour
 b - a +1 shield (worn)
Jewellery
 o - a cursed ring of loudness
 v - a cursed ring of teleportation {unknown}
Scrolls
 i - a scroll of amnesia {unknown}
 k - 4 scrolls of identify
 q - a scroll of remove curse
 t - 2 scrolls of teleportation
 y - a scroll of recharging {unknown}
 B - a scroll of silence {unknown}
Potions
 e - 2 potions of curing {unknown}
 h - 3 potions of flight {unknown}
 j - 3 potions of heal wounds {unknown}
 l - a potion of brilliance {unknown}
 n - a potion of agility {unknown}
 p - 2 potions of resistance {unknown}
 w - 3 potions of lignification {unknown}
 A - 2 potions of ambrosia {unknown}
Comestibles
 d - 2 royal jellies
 g - 6 meat rations
 m - 2 bread rations
 u - 4 fruits
 C - a chunk of flesh


   Skills:
 - Level 3.0 Fighting
 + Level 11.5 Long Blades
 - Level 3.0 Dodging
 - Level 3.0 Shields


You had 8 spell levels left.
You didn't know any spells.

Dungeon Overview and Level Annotations

Branches:
Dungeon (7/15)             Temple (0/1) D:4

Altars:
Ashenzari
Cheibriados
Elyvilon
Hepliaklqana
Kikubaaqudgha
Trog
Xom
Zin

Shops:
D:4 *((*

Annotations:
D:7 2 transporters


Innate Abilities, Weirdness & Mutations

You cannot wear most types of armour.
You are very stealthy in the water. (Stealth+)
You are amphibious.
You can wear up to eight rings at the same time.
You can use your tentacles to constrict eight enemies at once.
Your skin changes colour to match your surroundings (Stealth+).
Your rubbery body absorbs attacks. (AC +1, EV +1)
Your life essence is reduced. (-10% HP)


Message History

You feel yourself speed up.
You close the door.
You start resting.
Eucla V.2 has departed this plane of existence.
You start resting.
You feel very mighty all of a sudden.
Unknown command.
The wraith hits you!
* * * LOW HITPOINT WARNING * * *
Unknown command.
You slash the wraith! You freeze the wraith.
The wraith is heavily damaged.
The wraith hits you!
* * * LOW HITPOINT WARNING * * *
The wraith drains your vigour!
You feel yourself slow down.
Unknown command.
You closely miss the wraith. You squeeze the wraith!
The wraith is almost destroyed.
The wraith hits you!
You die... #.'.'.# #.####.#####...#.### ###W### #.##.........###.# +R+

#.#..#...##### #.# #.#
....####.....###†# +.+
...##########.....# #.# ##.#
#............### ######+###
#.######........
...#8#.#8#########.#####..#######
...............W@........##
................##########
........######### .......##
.......# .......# ########


You could see a wraith.

Vanquished Creatures
  Grinder (D:6)
  2 hungry ghosts (D:7)
  2 ogres
  An elf zombie (D:7)
  Blork the orc (D:4)
  A bullfrog (D:7)
  2 scorpions
  2 vampire bats (D:2)
  3 wights (D:7)
  A crimson imp (D:6)
  A hound (D:5)
  A human zombie (D:7)
  A centaur skeleton (D:6)
  An iguana (D:6)
  Natasha (thrice) (D:3)
  6 worker ants
  A mummy (D:4)
  Robin (D:3)
  3 gnolls (D:6)
  2 howler monkey skeletons
  4 adders
  A shadow imp (D:5)
  An ooze (D:3)
  2 leopard geckos
  10 orcs
  3 bat skeletons (D:2)
  A bat zombie (D:2)
  4 giant cockroaches
  18 goblins
  2 hobgoblins (D:1)
  3 jackals (D:7)
  A quokka (D:6)
  8 bats
  5 frilled lizards
  A giant cockroach zombie (D:5)
  8 kobolds
  A leopard gecko skeleton (D:7)
  A quokka zombie (D:6)
  4 rats
114 creatures vanquished.

Vanquished Creatures (collateral kills)
  An ice beast (D:7)
  2 wights (D:7)
  A worker ant (D:7)
  A howler monkey zombie (D:7)
  A jackal (D:7)
6 creatures vanquished.

Vanquished Creatures (others)
  A knight (D:7)
  2 ancestors (D:4)
3 creatures vanquished.

Grand Total: 123 creatures vanquished

Notes
Turn   | Place    | Note
-------+----------+-------------------------------------------
     0 | D:1      | Eucla the Octopode Fighter began the quest for the Orb.
     0 | D:1      | Reached XP level 1. HP: 16/16 MP: 1/1
    90 | D:1      | Reached XP level 2. HP: 20/21 MP: 2/2
   397 | D:1      | Reached skill level 3 in Long Blades
   812 | D:2      | Found an ancient bone altar of Kikubaaqudgha.
   812 | D:2      | Noticed a vampire bat
   814 | D:2      | Noticed a vampire bat
   831 | D:2      | Killed a vampire bat
   831 | D:2      | Reached skill level 4 in Long Blades
   831 | D:2      | Reached XP level 3. HP: 6/26 MP: 3/3
   831 | D:2      | Reached XP level 4. HP: 7/31 MP: 4/4
  1566 | D:3      | Reached skill level 5 in Long Blades
  1566 | D:3      | Reached XP level 5. HP: 31/36 MP: 5/5
  1591 | D:3      | Noticed Natasha
  1596 | D:3      | Killed Natasha
  1762 | D:3      | Noticed Robin
  1762 | D:3      | Noticed Natasha
  1783 | D:3      | Killed Natasha
  1785 | D:3      | Killed Robin
  1785 | D:3      | Reached skill level 6 in Long Blades
  1794 | D:3      | Reached XP level 6. HP: 3/42 MP: 6/6
  2077 | D:3      | Noticed Natasha
  2083 | D:3      | Killed Natasha
  2108 | D:3      | Found a hazy altar of Hepliaklqana.
  2130 | D:3      | Became a worshipper of Hepliaklqana the Forgotten
  2341 | D:4      | Found Kitwoipy's Antique Weapon Emporium.
  2355 | D:4      | Found a shattered altar of Ashenzari.
  2388 | D:4      | Found a white marble altar of Elyvilon.
  2416 | D:4      | Found a shimmering altar of Xom.
  2423 | D:4      | Got a steaming spear
  2424 | D:4      | Identified the cursed +3 spear of the Lamprey {pierce, rElec} (You found it on level 4 of the Dungeon)
  2814 | D:4      | Found a snail-covered altar of Cheibriados.
  2816 | D:4      | Reached skill level 7 in Long Blades
  2879 | D:4      | Found a glowing silver altar of Zin.
  2881 | D:4      | Found Kitidef's Assorted Antiques.
  2883 | D:4      | Found Foepaqur's Weapon Boutique.
  2928 | D:4      | Found a bloodstained altar of Trog.
  2980 | D:4      | Bought a jewelled long sword for 238 gold pieces
  2980 | D:4      | Identified the +3 long sword of Fomexo {freeze, rPois rF+ Str+4 Dex-2} (You bought it in a shop on level 4 of the Dungeon)
  3013 | D:4      | Found Ziydep's Assorted Antiques.
  3074 | D:4      | Reached XP level 7. HP: 40/41 MP: 7/7
  3085 | D:4      | Found a staircase to the Ecumenical Temple.
  3106 | D:4      | Noticed Blork the orc
  3113 | D:4      | Killed Blork the orc
  3141 | D:4      | Reached * piety under Hepliaklqana
  3511 | D:5      | Entered Level 5 of the Dungeon
  3665 | D:5      | Reached skill level 8 in Long Blades
  4381 | D:6      | Reached ** piety under Hepliaklqana
  4382 | D:6      | Remembered your ancestor Eucla V.2 as a knight
  4465 | D:6      | Reached skill level 9 in Long Blades
  4465 | D:6      | Reached XP level 8. HP: 43/46 MP: 8/8
  4549 | D:6      | Noticed Grinder
  4558 | D:6      | Paralysed by Grinder for 2 turns
  4561 | D:6      | Killed Grinder
  4643 | D:7      | Reached skill level 10 in Long Blades
  4696 | D:7      | Noticed a wyvern
  4703 | D:7      | Noticed a kobold demonologist
  4706 | D:7      | Noticed a wolf spider
  4715 | D:7      | Found a snail-covered altar of Cheibriados.
  4810 | D:7      | Reached skill level 11 in Long Blades
  4810 | D:7      | Reached XP level 9. HP: 49/50 MP: 9/9
  4930 | D:7      | Slain by a wraith

Skill      XL: |  1  2  3  4  5  6  7  8 |
---------------+-------------------------+-----
Long Blades    | 4 5 6 7 9 11 | 11.5
Fighting       | |  3.0
Dodging        | |  3.0
Shields        | |  3.0

Action                   |  1- 3 |  4- 6 |  7- 9 || total
-------------------------+-------+-------+-------++-------
Melee: Long sword        |    29 |   106 |   115 ||   250
       Constrict         |    14 |    34 |    29 ||    77
       Tentacles         |     9 |    23 |    25 ||    57
       Spear             |       |     3 |       ||     3
Invok: Recall Ancestor   |       |       |     1 ||     1
       Ancestor Life: Kn |       |       |     1 ||     1
       Ancestor Identity |       |       |     1 ||     1
  Use: Potion            |       |     1 |     1 ||     2
       Scroll            |       |     9 |       ||     9
 Stab: Sleeping          |     4 |     9 |     7 ||    20
       Distracted        |       |       |     2 ||     2
  Eat: Chunk             |       |     2 |     6 ||     8
       Fruit             |       |     2 |       ||     2
       Bread ration      |       |     1 |       ||     1
Armor: Skin              |     6 |    11 |     4 ||    21
Dodge: Dodged            |    22 |    44 |    29 ||    95
Block: Shield            |    10 |    39 |    30 ||    79
       Rpst.: Long sword |     7 |    17 |     7 ||    31
